 Dungeon Crawl Stone Soup version 0.29-a0-82-g837932c90e (webtiles) character file.

Game seed: 18245871189638538467

769 fragbeetle the Poker (level 7, -5/61 HPs)
             Began as a Ghoul Gladiator on Feb 4, 2022.
             Slain by a wight (8 damage)
             ... on level 6 of the Dungeon.
             The game lasted 00:10:08 (5714 turns).

fragbeetle the Poker (Ghoul Gladiator)              Turns: 5714, Time: 00:10:09

Health: -5/61      AC:  6    Str: 20    XL:     7   Next: 82%
Magic:  6/6        EV: 11    Int:  3    God:
Gold:   153        SH:  0    Dex: 10    Spells: 6/6 levels left

rFire   . . .      SeeInvis .   n - +2 spear (flame)
rCold   + . .      Faith    .   (no shield)
rNeg    + + +      Spirit   .   D - +0 ring mail
rPois   ∞          Reflect  .   c - +0 helmet
rElec   .          Harm     .   (no cloak)
rCorr   .          Rampage  .   (no gloves)
Will    .....                   (no boots)
Stlth   ..........              (no amulet)
HPRegen 0.00/turn               (no ring)
MPRegen 0.10/turn               (no ring)

@: inhibited regen, studying Fire Magic
A: claws 1, cold resistance 1, negative energy resistance 3, inhibited
regeneration, torment resistance 2
a: no special abilities


You were on level 6 of the Dungeon.
You visited 1 branch of the dungeon, and saw 6 of its levels.
You also visited: Sewer.

You collected 153 gold pieces.

Inventory:

Hand Weapons
 a - a +0 trident
 k - a +2 spear of freezing
 n - a +2 spear of flaming (weapon)
 o - a +0 hunting sling of freezing
 C - a +1 lajatang of electrocution
Missiles
 d - 3 throwing nets (quivered)
 p - 121 sling bullets
Armour
 b - a +0 leather armour
 c - a +0 helmet (worn)
 i - an orb of mayhem
 s - the +4 robe of Folly {Brilliance Will-∞ Int+8}
   (You found it on level 3 of the Dungeon)

   It increases the power of your magical spells.
   It halves the magic cost of your spells (rounding up).
   It reduces your willpower to zero.
   Int:       It affects your intelligence (+8).
 D - a +0 ring mail (worn)
Magical Staves
 g - a staff of fire
Wands
 q - a wand of polymorph (10)
Scrolls
 f - 3 scrolls of immolation {unknown}
 l - a scroll of acquirement {unknown}
 r - 2 scrolls of amnesia {unknown}
 v - a scroll of identify {unknown}
 x - a scroll of teleportation {unknown}
 y - a scroll of enchant weapon {unknown}
 B - 2 scrolls of enchant armour {unknown}
Potions
 e - 2 potions of heal wounds
 h - a potion of berserk rage {unknown}
 j - a potion of haste {unknown}
 m - a potion of brilliance {unknown}
 t - a potion of cancellation {unknown}
 u - a potion of curing {unknown}
 w - a potion of ambrosia {unknown}
 A - a potion of magic {unknown}


   Skills:
 + Level 5.6 Fighting
 * Level 6.7 Polearms
 - Level 2.0 Throwing
 - Level 3.0 Dodging


You had 6 spell levels left.
You didn't know any spells.
Your spell library was empty.

Dungeon Overview and Level Annotations

Branches:
Dungeon (6/15)             Temple (0/1) D:6           Sewer (visited)

Altars:
Fedhas
Okawaru
Xom

Shops:
D:5 :   D:6 [(

Annotations:
D:1 need rF+
D:4 Edmund


Innate Abilities, Weirdness & Mutations

You thrive by killing the living.
You are immune to poison.
You have sharp fingernails.
Your flesh is cold resistant. (rC+)
You are immune to negative energy. (rN+++)
You do not regenerate when monsters are visible.
You are immune to unholy pain and torment.


Message History

You see here a quokka corpse.
You now have 153 gold pieces (gained 20).
You see here a human skeleton.
There is an entrance to Vuygroza's Armour Shop here.
You can access your shopping list by pressing '$'.
Unknown command.
Okay, then.
You reach to attack!
You hit the wight. You burn the wight.
The wight is lightly damaged.
The wight barely misses you.
You reach to attack!
You barely miss the wight.
The wight is lightly damaged.
The wight closely misses you.
You reach to attack!
You barely miss the wight.
The wight is lightly damaged.
The wight hits you from afar with a +4 halberd of freezing!
The wight freezes you.
You reach to attack!
You barely miss the wight.
The wight is lightly damaged.
You reach to attack!
You barely miss the wight.
The wight is lightly damaged.
The wight hits you from afar with a +4 halberd of freezing!
The wight freezes you.
You are too injured to fight recklessly!
You are too injured to fight recklessly!
You are too injured to fight recklessly!
It was a potion of heal wounds.
You feel much better.
The wight hits you from afar with a +4 halberd of freezing!
The wight freezes you.
You see here a +0 dagger.
The wight hits you from afar with a +4 halberd of freezing.
The wight freezes you.
You completely miss the wight. The wight misses you.
You hit the wight but do no damage. The wight hits you with a +0 hand axe.
The wight hits you from afar with a +4 halberd of freezing!!
* * * LOW HITPOINT WARNING * * *
The wight freezes you.
* * * LOW HITPOINT WARNING * * *
The wight hits you with a +0 dire flail!
You die...

##.............
#..........∩...
##........).....
#........#..÷..#
##..z.....##...##
#...........#..#
##zz....(......##
#zz##.∩.....####
#@####.....##
#..# ####..#
#..## ##.# #..
###.#### ..#
###.zzz..# #..
#...$.....## ..#
..........z.##
#..
.............#
#............##


You could see 5 wights.

Vanquished Creatures
  2 water moccasins
  A centaur (D:5)
  A wyvern skeleton (D:5)
  3 hounds
  An orc priest (D:3)
  An iguana (D:5)
  4 orc wizards
  9 adders
  A howler monkey skeleton (D:5)
  5 worms
  16 orcs
  4 bats
  3 endoplasms
  3 giant cockroaches
  4 goblins
  3 hobgoblins
  4 jackals
  3 quokkas
  3 ball pythons
  2 frilled lizards (D:2)
  9 kobolds
  2 rats
84 creatures vanquished.

Notes
Turn   | Place    | Note
-------+----------+-------------------------------------------
     0 | D:1      | fragbeetle the Ghoul Gladiator began the quest for the Orb.
     0 | D:1      | Reached XP level 1. HP: 17/17 MP: 0/0
   380 | D:1      | Reached XP level 2. HP: 25/25 MP: 1/1
   803 | D:2      | Reached skill level 3 in Polearms
   918 | D:2      | Reached XP level 3. HP: 20/30 MP: 2/2
  1216 | D:2      | Found a faded altar of an unknown god.
  1772 | D:3      | Found the +4 robe of Folly {Brilliance Will-∞ Int+8}
  1852 | D:3      | Found an iron altar of Okawaru.
  1876 | D:3      | Found a shimmering altar of Xom.
  1917 | D:3      | Reached XP level 4. HP: 38/38 MP: 3/3
  1941 | D:3      | Reached skill level 4 in Polearms
  1941 | D:3      | HP: 1/38 [orc (3)]
  3205 | D:4      | Reached XP level 5. HP: 44/45 MP: 4/4
  3980 | D:4      | Noticed Edmund
  4157 | D:5      | Entered Level 5 of the Dungeon
  4173 | D:5      | Found a blossoming altar of Fedhas.
  4176 | D:5      | Noticed a centaur
  4190 | D:5      | HP: 1/46 [centaur/arrow (4)]
  4715 | D:5      | Noticed a water moccasin
  4821 | D:5      | HP: 2/46 [water moccasin (7)]
  4822 | D:5      | Killed a water moccasin
  4823 | D:5      | Reached skill level 5 in Polearms
  4823 | D:5      | Reached XP level 6. HP: 5/53 MP: 5/5
  4962 | D:5      | Reached XP level 7. HP: 16/60 MP: 6/6
  5159 | D:5      | Reached skill level 6 in Polearms
  5198 | D:5      | Reached skill level 5 in Fighting
  5211 | D:5      | Found Foqublan's Book Shop.
  5375 | D:6      | Found a staircase to the Ecumenical Temple.
  5386 | D:6      | Found Vuygroza's Armour Shop.
  5393 | D:6      | Found Xotziff's Weapon Boutique.
  5460 | D:6      | Found a glowing drain.
  5477 | Sewer    | Entered a sewer
  5708 | D:6      | HP: 3/61 [wight (3)]
  5714 | D:6      | Slain by a wight

Illustrated notes

Levels and vault maps discovered:
D:1:      matt_arrival_diagonals, layout_basic, minmay_misc_feat_room,
          chequers_serial_rivers_small_3, lemuel_flame_loot_1
D:2:      layout_loops_corners, basic_ecumenical_altar
D:3:      layout_basic, okawaru_gym_becter, mainiacjoe_overflow_small_starburst,
          chequers_serial_rivers_micro_a, minivault_5
D:4:      layout_gridville, skrybe_limestone_x, uniq_edmund
D:5:      nicolae_cairo_tiling, layout_basic, fedhas_bush_and_centaur_altar,
          serial_shops, shop, minmay_misc_feat_more_columns, chequers_garden
D:6:      layout_cave_pods, temple_statues, gup_sewer_entry_bubbles,
          serial_shops, nicolae_shop_bloodbath_and_beyond,
          nicolae_shop_temple_entry_statues_fountains, shop

Skill      XL: |  1  2  3  4  5  6  7 |
---------------+----------------------+-----
Polearms       | 3 4 5 6 |  6.7
Throwing       | 2 |  2.0
Dodging        | 3 |  3.0
Fighting       | 3 4 5 |  5.6

Action                   |  1- 3 |  4- 6 |  7- 9 || total
-------------------------+-------+-------+-------++-------
Melee: Trident           |     9 |       |       ||     9
       Spear             |    89 |   116 |    98 ||   303
       Punch             |     2 |     1 |       ||     3
  Use: Potion            |       |       |     1 ||     1
Armor: Leather armour    |    15 |    21 |    21 ||    57
Dodge: Dodged            |    37 |    63 |    50 ||   150

Table legend: (Time is in decaauts)
 A = Elapsed time spent in this place.
 B = Non-inter-level travel time spent in this place.
 C = Inter-level travel time spent in this place.
 D = Time resting spent in this place.
 E = Time spent auto-exploring this place.
 F = Levels seen in this place.
 G = Mean time per level.
                   A        B        C        D        E       F      G
               +--------+--------+--------+--------+--------+-----+--------+
         Total |   5721 |   5577 |    144 |   1156 |   3243 |   7 |  817.3 |
       Dungeon |   5567 |   5423 |    144 |   1150 |   3243 |   6 |  927.8 |
         Sewer |    153 |    153 |      0 |      6 |      0 |   1 |  153.0 |
               +--------+--------+--------+--------+--------+-----+--------+

Top non-repeatable levels by time:
     D:2: 1361 daAuts
     D:3: 1098 daAuts
     D:5: 1051 daAuts
     D:4: 974 daAuts
     D:1: 716 daAuts
     D:6: 365 daAuts
   Sewer: 153 daAuts
